 Dungeon Crawl Stone Soup version 0.26.1-11-gd32895ea62 (webtiles) character file.

Game seed: 4114668451106657796

161 PaiMei the Grave Robber (level 5, -1/35 HPs)
             Began as a Demonspawn Necromancer on June 28, 2021.
             Slain by a river rat (5 damage)
             ... in a sewer.
             The game lasted 00:06:00 (5138 turns).

PaiMei the Grave Robber (Demonspawn Necromancer)    Turns: 5138, Time: 00:06:01

Health: -1/35      AC:  2    Str:  7 (8)  XL:     5   Next: 18%
Magic:  0/9        EV: 12    Int: 16 (17) God:
Gold:   124        SH:  0    Dex: 14      Spells: 6/10 levels left

rFire    . . .     SeeInvis .   n - +0 club
rCold    . . .     Faith    .   (no shield)
rNeg     . . .     Spirit   .   a - +0 robe
rPois    .         Reflect  .   (no helmet)
rElec    .         Harm     .   (no cloak)
rCorr    .         Rampage  .   (no gloves)
Will     .....                  (no boots)
Stlth    ++........             (no amulet)
HPRegen  0.11/turn              (no ring)
MPRegen  0.11/turn              (no ring)

@: no status effects
A: powered by death 1, miasma immunity
a: no special abilities


You were in a sewer.
You visited 1 branch of the dungeon, and saw 3 of its levels.
You also visited: Sewer.

You collected 124 gold pieces.

Inventory:

Hand Weapons
 n - a +0 club (weapon)
Missiles
 b - 30 arrows
 g - 158 stones
 l - 17 bolts
 r - 11 poisoned darts (quivered)
Armour
 a - a +0 robe (worn)
 s - a +0 buckler
Jewellery
 t - a +6 ring of dexterity {unknown}
Scrolls
 d - 7 scrolls of identify {unknown}
 e - a scroll of remove curse {unknown}
 f - 2 scrolls of enchant armour {unknown}
 i - a scroll of fog {unknown}
 j - 2 scrolls of enchant weapon {unknown}
 p - a scroll of noise {unknown}
 q - a scroll of teleportation {unknown}
 u - a scroll of amnesia {unknown}
 x - a scroll of magic mapping {unknown}
Potions
 c - a potion of degeneration
 h - a potion of attraction {unknown}
 k - a potion of experience {unknown}
 m - a potion of curing {unknown}
 o - 2 potions of flight {unknown}
 v - a potion of heal wounds {unknown}
 w - a potion of mutation {unknown}


   Skills:
 - Level 2.0 Dodging
 - Level 2.0 Stealth
 + Level 3.3 Spellcasting
 + Level 6.2 Necromancy


You had 6 spell levels left.
You knew the following spells:

 Your Spells              Type           Power        Failure   Level
a - Pain                  Necr           88%          1%          1
b - Vampiric Draining     Necr           11%          4%          3

Your spell library contained the following spells:

 Spells                   Type           Power        Failure   Level
 Animate Skeleton         Necr           44%          1%          1
 Animate Dead             Necr           11%          14%         4
 Agony                    Necr           22%          36%         5


Dungeon Overview and Level Annotations

Branches:
Dungeon (3/15)              Sewer (1/1)

Altars:
Nemelex Xobeh
Trog


Innate Abilities, Weirdness & Mutations

You regenerate a little health from kills.
You are immune to miasma.


Message History

The river rat is almost dead.
The river rat bites you.
* * * LOW HITPOINT WARNING * * *
The river rat closely misses you.
Casting: Pain (safe; 1% risk of failure)
Confirm with . or Enter, or press ? or * to list all spells.
Aiming: Pain (safe; 1% risk of failure)
Press: ? - help, Shift-Dir - straight line, f/p - river rat
Aim: a river rat (almost dead, chance to affect: 87%)
The river rat writhes in agony.
The river rat barely misses you.
Casting: Pain (safe; 1% risk of failure)
Confirm with . or Enter, or press ? or * to list all spells.
You don't have enough magic to cast that spell.
Casting: Pain (safe; 1% risk of failure)
Confirm with . or Enter, or press ? or * to list all spells.
You don't have enough magic to cast that spell.
You closely miss the river rat.
The river rat is almost dead.
The river rat bites you.
You die...

##### ### ##.r@# ##### ∩..##
##.†######...## ####
#...##..#####......###..###
##.......##...............#
##.........................#
...........................'
...........................#
........r..........≈≈≈≈≈≈≈≈#
≈≈≈≈≈...........≈≈≈≈≈≈≈≈≈≈≈#


You could see a river rat.

Vanquished Creatures
  5 adders
  2 river rats
  A worm (D:3)
  4 dart slugs
  2 leopard geckos
  11 orcs
  5 giant cockroaches
  10 hobgoblins
  11 kobolds
  3 ball pythons (Sewer)
  5 bats
  3 frilled lizards
  6 goblins
  7 rats
75 creatures vanquished.

Vanquished Creatures (others)
  A plant (D:3)
  4 toadstools (D:1)
5 creatures vanquished.

Grand Total: 80 creatures vanquished

Notes
Turn   | Place    | Note
-------+----------+-------------------------------------------
     0 | D:1      | PaiMei the Demonspawn Necromancer began the quest for the
                  | Orb.
     0 | D:1      | Reached XP level 1. HP: 13/13 MP: 3/3
   579 | D:1      | Gained mutation: You are immune to miasma. [demonic
                  | ancestry]
   579 | D:1      | Reached XP level 2. HP: 17/19 MP: 3/5
  1260 | D:1      | Reached skill level 5 in Necromancy
  1768 | D:2      | Reached XP level 3. HP: 20/24 MP: 1/6
  1772 | D:2      | Learned a level 3 spell: Vampiric Draining
  2474 | D:2      | Found a bloodstained altar of Trog.
  2567 | D:2      | Found a sparkling altar of Nemelex Xobeh.
  3326 | D:2      | Gained mutation: You regenerate a little health from kills.
                  | [demonic ancestry]
  3326 | D:2      | Reached XP level 4. HP: 27/30 MP: 4/7
  4128 | D:3      | Reached skill level 6 in Necromancy
  4206 | D:3      | Reached XP level 5. HP: 25/35 MP: 5/9
  4248 | D:3      | Found a glowing drain.
  4252 | Sewer    | Entered a sewer
  5138 | Sewer    | Slain by a river rat

Illustrated notes

Levels and vault maps discovered:
D:1:      ldierk_walled_garden_2, layout_loops_corners, st_stairs_14
D:2:      layout_basic, nemelex_altar_shiori, trog_three_pillars_becter
D:3:      wad_lake_hut, layout_rooms, gup_sewer_entry_spiral, hex_intersection,
          palyth_stone_intersect
Sewer:    sewer_minmay_treatment

Skill      XL: |  1  2  3  4 |
---------------+-------------+-----
Stealth        | 2 |  2.0
Dodging        | 2 |  2.0
Necromancy     | 5 6 |  6.2
Spellcasting   | 3 |  3.3

Action                   |  1- 3 |  4- 6 || total
-------------------------+-------+-------++-------
Melee: Club              |    19 |    26 ||    45
 Cast: Pain              |    74 |    67 ||   141
       Vampiric Draining |       |     5 ||     5
  Use: Potion            |     4 |       ||     4
 Stab: Sleeping          |       |     1 ||     1
Armor: Robe              |    12 |     4 ||    16
Dodge: Dodged            |    37 |    28 ||    65
